TOP OF THE 1ST |
Plumstead Eagles batting - Pitching for Erie Jaxx : LHP Francisco Ramírez
|
Pitching: LHP Francisco Ramírez
|
|
Batting: SHB Arturo Sánchez
|
0-0: Fly out, F7 (Flyball, 7)
|
Batting: LHB António Salazar
|
0-0: Ball 1-0: Foul Ball, location: 2F 1-1: SINGLE (Groundball, 3D)
|
Batting: RHB Howard Johnson
|
0-0: Called Strike 0-1: Ball Wild Pitch! António Salazar to second 1-1: Called Strike 1-2: Foul Ball, location: 2F 1-2: Ball 2-2: Ground out 4-3 (Groundball, 34) António Salazar to third
|
Batting: RHB Juan Caceres
|
0-0: Ball 1-0: Foul Ball, location: 2F 1-1: Swinging Strike 1-2: Ball 2-2: Ball 3-2: Strikes out swinging
|
Top of the 1st over - 0 run(s), 1 hit(s), 0 error(s), 1 left on base; Plumstead 0 - Erie 0 |
BOTTOM OF THE 1ST |
Erie Jaxx batting - Pitching for Plumstead Eagles : LHP Joe Cates
|
Pitching: LHP Joe Cates
|
|
Batting: SHB Giel Molendijk
|
0-0: Called Strike 0-1: Foul Ball, location: 2F 0-2: Ball 1-2: Ground out 6-3 (Groundball, 6MS)
|
Batting: SHB José Durango
|
0-0: Ball 1-0: Called Strike 1-1: Foul Ball, location: 2F 1-2: Ball 2-2: Foul Ball, location: 2F 2-2: Strikes out swinging
|
Batting: SHB Michael Field
|
0-0: Ball 1-0: Fly out, F4 (Popup, 4M)
|
Bottom of the 1st over - 0 run(s), 0 hit(s), 0 error(s), 0 left on base; Plumstead 0 - Erie 0 |
TOP OF THE 2ND |
Plumstead Eagles batting - Pitching for Erie Jaxx : LHP Francisco Ramírez
|
Batting: RHB Ethan Moore
|
0-0: Ground out 6-3 (Groundball, 6)
|
Batting: RHB Kolomon Meise
|
0-0: Ball 1-0: Ball 2-0: Called Strike 2-1: Foul Ball, location: 2F 2-2: Ball 3-2: Foul Ball, location: 2F 3-2: Strikes out swinging
|
Batting: LHB Víctor Peña
|
0-0: Ball 1-0: Ball 2-0: SINGLE (Groundball, 4MD)
|
Batting: RHB José Moreno
|
0-0: Ball 1-0: Ball 2-0: SINGLE (Groundball, 6MD) Víctor Peña to second Runner from 2nd tries for 3rd, SAFE, throw made to third
|
Batting: RHB Carlos Palomón
|
0-0: Foul Ball, location: 2F 0-1: Ball 1-1: Called Strike 1-2: Ball 2-2: Strikes out looking
|
Top of the 2nd over - 0 run(s), 2 hit(s), 0 error(s), 2 left on base; Plumstead 0 - Erie 0 |
BOTTOM OF THE 2ND |
Erie Jaxx batting - Pitching for Plumstead Eagles : LHP Joe Cates
|
Batting: RHB Ángel Serrano
|
0-0: SINGLE (Groundball, 4MD)
|
Batting: RHB Andrés Silva
|
0-0: Foul Ball, location: 2F 0-1: Foul Ball, location: 2F 0-2: Strikes out swinging
|
Batting: LHB Jim Knight
|
0-0: Called Strike 0-1: Foul Ball, location: 2F 0-2: Ball 1-2: Foul Ball, location: 2F 1-2: Strikes out looking
|
Batting: RHB Edgardo Castro
|
0-0: Ball 1-0: Ball 2-0: Fly out, F9 (Flyball, 9LS)
|
Bottom of the 2nd over - 0 run(s), 1 hit(s), 0 error(s), 1 left on base; Plumstead 0 - Erie 0 |
TOP OF THE 3RD |
Plumstead Eagles batting - Pitching for Erie Jaxx : LHP Francisco Ramírez
|
Batting: SHB Arturo Sánchez
|
0-0: Swinging Strike 0-1: Ball 1-1: SINGLE (Line Drive, 89M)
|
Batting: LHB António Salazar
|
0-0: Called Strike 0-1: Called Strike 0-2: Ball Arturo Sánchez steals 2nd base 1-2: Foul Ball, location: 2F 1-2: Ball 2-2: Ground out 5-3 (Groundball, 56)
|
Batting: RHB Howard Johnson
|
0-0: Called Strike 0-1: Ground out 4-3 (Groundball, 4) Arturo Sánchez to third
|
Batting: RHB Juan Caceres
|
0-0: Fly out, F2 (Popup, 3S)
|
Top of the 3rd over - 0 run(s), 1 hit(s), 0 error(s), 1 left on base; Plumstead 0 - Erie 0 |
BOTTOM OF THE 3RD |
Erie Jaxx batting - Pitching for Plumstead Eagles : LHP Joe Cates
|
Batting: RHB Cássio Cardenas
|
0-0: Ball 1-0: Ball 2-0: Foul Ball, location: 2F 2-1: Called Strike 2-2: Foul Ball, location: 2F 2-2: SINGLE (Groundball, 6MD)
|
Batting: RHB Guaspar Vasche
|
0-0: Ball 1-0: Foul Ball, location: 2F 1-1: Foul Ball, location: 2F 1-2: Ball 2-2: SINGLE (Groundball, 56D) Cássio Cardenas to second Cássio Cardenas to third
|
Batting: SHB Giel Molendijk
|
0-0: Called Strike 0-1: Called Strike 0-2: Strikes out swinging
|
Batting: SHB José Durango
|
0-0: Swinging Strike 0-1: SINGLE (Groundball, 56D) Cássio Cardenas scores Guaspar Vasche to second
|
Batting: SHB Michael Field
|
0-0: Ball 1-0: Called Strike 1-1: Grounds into double play, 1-4-3 (Groundball, 15)
|
Bottom of the 3rd over - 1 run(s), 3 hit(s), 0 error(s), 1 left on base; Plumstead 0 - Erie 1 |
TOP OF THE 4TH |
Plumstead Eagles batting - Pitching for Erie Jaxx : LHP Francisco Ramírez
|
Batting: RHB Ethan Moore
|
0-0: Called Strike 0-1: Foul Ball, location: 2F 0-2: Ball 1-2: Ground out 6-3 (Groundball, 6MD)
|
Batting: RHB Kolomon Meise
|
0-0: Called Strike 0-1: SINGLE (Groundball, 4MD)
|
Batting: LHB Víctor Peña
|
0-0: SINGLE (Groundball, 34S) (infield hit) Kolomon Meise to second
|
Batting: RHB José Moreno
|
0-0: Called Strike 0-1: Foul Ball, location: 2F 0-2: Ball 1-2: Ball 2-2: Ball 3-2: Base on Balls Kolomon Meise to third Víctor Peña to second
|
Batting: RHB Carlos Palomón
|
0-0: Ground out 5-3 (Groundball, 56S) Kolomon Meise scores Víctor Peña to third José Moreno to second
|
Batting: SHB Arturo Sánchez
|
0-0: Foul Ball, location: 2F 0-1: Ball 1-1: Ball 2-1: Ball 3-1: Base on Balls
|
Batting: LHB António Salazar
|
0-0: Ball 1-0: Foul Ball, location: 2F 1-1: Swinging Strike 1-2: Ball 2-2: Ball 3-2: Base on Balls Víctor Peña scores José Moreno to third Arturo Sánchez to second
|
Batting: RHB Howard Johnson
|
0-0: Ball 1-0: Foul Ball, location: 2F 1-1: Ball 2-1: Ball 3-1: Fielders Choice at 2nd, 5-4 (Groundball, 56)
|
Top of the 4th over - 2 run(s), 2 hit(s), 0 error(s), 2 left on base; Plumstead 2 - Erie 1 |
BOTTOM OF THE 4TH |
Erie Jaxx batting - Pitching for Plumstead Eagles : LHP Joe Cates
|
Batting: RHB Ángel Serrano
|
0-0: Ball 1-0: SINGLE (Line Drive, 78S)
|
Batting: RHB Andrés Silva
|
0-0: Foul Ball, location: 2F 0-1: Ball 1-1: Foul Ball, location: 2F 1-2: Strikes out swinging
|
Batting: LHB Jim Knight
|
0-0: Ball 1-0: Grounds into double play, 4-6-3 (Groundball, 4)
|
Bottom of the 4th over - 0 run(s), 1 hit(s), 0 error(s), 0 left on base; Plumstead 2 - Erie 1 |
TOP OF THE 5TH |
Plumstead Eagles batting - Pitching for Erie Jaxx : LHP Francisco Ramírez
|
Batting: RHB Juan Caceres
|
0-0: Reached on error, E5 (Line Drive, 5)
|
Batting: RHB Ethan Moore
|
0-0: Ball 1-0: Ball 2-0: Ball 3-0: Base on Balls Juan Caceres to second
|
Batting: RHB Kolomon Meise
|
0-0: Foul Ball, location: 2F 0-1: Ball 1-1: Ball 2-1: Ball 3-1: Grounds into double play, 6-4-3 (Groundball, 6) Juan Caceres to third
|
Pitching: RHP Armando Rodríguez
|
|
Batting: LHB Víctor Peña
|
0-0: Swinging Strike 0-1: DOUBLE (Line Drive, 7D) Juan Caceres scores
|
Pinch Runner at 2nd Arturo Álvarez:
|
|
Batting: RHB José Moreno
|
0-0: Called Strike 0-1: Called Strike 0-2: Foul Ball, location: 2F 0-2: Ball 1-2: Ball 2-2: Foul Ball, location: 2F 2-2: Foul Ball, location: 2F 2-2: Foul Ball, location: 2F 2-2: SINGLE (Groundball, 34S) (infield hit) Arturo Álvarez to third
|
Batting: RHB Carlos Palomón
|
0-0: Foul Ball, location: 2F 0-1: Swinging Strike 0-2: Ball 1-2: Foul Ball, location: 2F 1-2: TRIPLE (Flyball, 89D) Arturo Álvarez scores José Moreno scores
|
Batting: SHB Arturo Sánchez
|
0-0: Called Strike 0-1: Ball 1-1: Ball 2-1: Foul Ball, location: 2F 2-2: Ball 3-2: Foul Ball, location: 2F 3-2: Ground out 6-3 (Groundball, 6)
|
Top of the 5th over - 3 run(s), 3 hit(s), 1 error(s), 1 left on base; Plumstead 5 - Erie 1 |
BOTTOM OF THE 5TH |
Erie Jaxx batting - Pitching for Plumstead Eagles : LHP Joe Cates
|
Now in LF: Arturo Álvarez
|
|
Batting: RHB Edgardo Castro
|
0-0: Ball 1-0: Foul Ball, location: 2F 1-1: Foul Ball, location: 2F 1-2: Fly out, F9 (Flyball, 9LS)
|
Batting: RHB Cássio Cardenas
|
0-0: Ball 1-0: Foul Ball, location: 2F 1-1: Ball 2-1: Foul Ball, location: 2F 2-2: Strikes out swinging
|
Batting: RHB Guaspar Vasche
|
0-0: Called Strike 0-1: Fly out, F6 (Popup, 6)
|
Bottom of the 5th over - 0 run(s), 0 hit(s), 0 error(s), 0 left on base; Plumstead 5 - Erie 1 |
TOP OF THE 6TH |
Plumstead Eagles batting - Pitching for Erie Jaxx : RHP Armando Rodríguez
|
Pitching: RHP Fletcher Turner
|
|
Batting: LHB António Salazar
|
0-0: Ball 1-0: Ball 2-0: Ball 3-0: Called Strike 3-1: Foul Ball, location: 2F 3-2: SOLO HOME RUN (Flyball, 9D), Distance : 352 ft
|
Batting: RHB Howard Johnson
|
0-0: Called Strike 0-1: SINGLE (Groundball, 6MD)
|
Batting: RHB Juan Caceres
|
0-0: Ball 1-0: Ball 2-0: Ball 3-0: Base on Balls Howard Johnson to second
|
Batting: RHB Ethan Moore
|
0-0: Ball 1-0: SINGLE (Groundball, 6MD) Howard Johnson to third Juan Caceres to second
|
Batting: RHB Kolomon Meise
|
0-0: Called Strike 0-1: GRAND SLAM HOME RUN (Flyball, 7D), Distance : 350 ft
|
Pitching: RHP Jorge Ríos
|
|
Batting: LHB Arturo Álvarez
|
0-0: Ball 1-0: Ball 2-0: Ball 3-0: Called Strike 3-1: Base on Balls
|
Batting: RHB José Moreno
|
0-0: Ball 1-0: Called Strike 1-1: Foul Ball, location: 2F 1-2: Foul Ball, location: 2F 1-2: SINGLE (Groundball, 34D) Arturo Álvarez to second Runner from 2nd tries for 3rd, SAFE, no throw
|
Batting: RHB Carlos Palomón
|
0-0: Called Strike 0-1: Fly out, F9 (Flyball, 9LS) Runner from 3rd tags up, SCORES, no throw
|
Batting: SHB Arturo Sánchez
|
0-0: Ball 1-0: Ball 2-0: Foul Ball, location: 2F 2-1: Ball 3-1: Called Strike 3-2: Strikes out looking José Moreno is caught stealing 2nd base Batter strikes out.
|
Top of the 6th over - 6 run(s), 5 hit(s), 0 error(s), 0 left on base; Plumstead 11 - Erie 1 |
BOTTOM OF THE 6TH |
Erie Jaxx batting - Pitching for Plumstead Eagles : LHP Joe Cates
|
Batting: SHB Giel Molendijk
|
0-0: Foul Ball, location: 2F 0-1: Ball 1-1: Foul Ball, location: 2F 1-2: Ball 2-2: Strikes out swinging
|
Pitching: RHP Cory Powell
|
|
Batting: SHB José Durango
|
0-0: Ball 1-0: Called Strike 1-1: Ball 2-1: Ball 3-1: Base on Balls
|
Batting: SHB Michael Field
|
0-0: SINGLE (Line Drive, 34D) José Durango to second
|
Batting: RHB Ángel Serrano
|
0-0: Foul Ball, location: 2F 0-1: Called Strike 0-2: Ball 1-2: Ball 2-2: Strikes out swinging
|
Batting: RHB Andrés Silva
|
0-0: Foul Ball, location: 2F 0-1: Ball 1-1: Swinging Strike 1-2: Strikes out swinging
|
Bottom of the 6th over - 0 run(s), 1 hit(s), 0 error(s), 2 left on base; Plumstead 11 - Erie 1 |
TOP OF THE 7TH |
Plumstead Eagles batting - Pitching for Erie Jaxx : RHP Jorge Ríos
|
Batting: LHB António Salazar
|
0-0: Called Strike 0-1: Ball 1-1: Ball 2-1: Foul Ball, location: 2F 2-2: Foul Ball, location: 2F 2-2: Foul Ball, location: 2F 2-2: Fly out, F4 (Line Drive, 4)
|
Batting: RHB Howard Johnson
|
0-0: Called Strike 0-1: Swinging Strike 0-2: Foul Ball, location: 2F 0-2: Strikes out looking
|
Batting: RHB Juan Caceres
|
0-0: Ball 1-0: Called Strike 1-1: Swinging Strike 1-2: Ball 2-2: Ball 3-2: Fly out, F8 (Flyball, 8LS)
|
Top of the 7th over - 0 run(s), 0 hit(s), 0 error(s), 0 left on base; Plumstead 11 - Erie 1 |
BOTTOM OF THE 7TH |
Erie Jaxx batting - Pitching for Plumstead Eagles : RHP Cory Powell
|
Batting: LHB Jim Knight
|
0-0: Ball 1-0: Ball 2-0: Ball 3-0: Base on Balls
|
Pitching: LHP Pedro Rosado
|
|
Batting: RHB Edgardo Castro
|
0-0: Ball 1-0: Ball 2-0: Ball 3-0: Called Strike 3-1: Called Strike 3-2: SINGLE (Groundball, 6MD) Jim Knight to second
|
Batting: RHB Cássio Cardenas
|
0-0: Foul Ball, location: 2F 0-1: Ball 1-1: Ball 2-1: Called Strike 2-2: Strikes out looking
|
Batting: RHB Guaspar Vasche
|
0-0: Ball Wild Pitch! Jim Knight to third Edgardo Castro to second 1-0: SINGLE (Line Drive, 78S) Jim Knight scores Edgardo Castro to third Runner from 3rd tries for Home, SAFE, throw made home Guaspar Vasche to second
|
Batting: SHB Giel Molendijk
|
0-0: SINGLE (Flyball, 8RS) Guaspar Vasche to third Runner from 3rd tries for Home, SAFE, no throw
|
Batting: SHB José Durango
|
0-0: Ball 1-0: Ball 2-0: Foul Ball, location: 2F 2-1: Fly out, F9 (Flyball, 89M)
|
Batting: SHB Michael Field
|
0-0: Ball 1-0: Called Strike 1-1: Foul Ball, location: 2F 1-2: Ball 2-2: Strikes out swinging
|
Bottom of the 7th over - 3 run(s), 3 hit(s), 0 error(s), 1 left on base; Plumstead 11 - Erie 4 |
TOP OF THE 8TH |
Plumstead Eagles batting - Pitching for Erie Jaxx : RHP Jorge Ríos
|
Batting: RHB Ethan Moore
|
0-0: Ball 1-0: Fly out, F3 (Line Drive, 3)
|
Batting: RHB Kolomon Meise
|
0-0: Ball 1-0: Ball 2-0: Called Strike 2-1: Reached on error, E5 (Groundball, 56S)
|
Batting: LHB Arturo Álvarez
|
0-0: Called Strike 0-1: Ball 1-1: Called Strike 1-2: Ball 2-2: Strikes out swinging
|
Batting: RHB José Moreno
|
0-0: Ball 1-0: Swinging Strike 1-1: Ball 2-1: Called Strike 2-2: Ground out 5-3 (Groundball, 56S)
|
Top of the 8th over - 0 run(s), 0 hit(s), 1 error(s), 1 left on base; Plumstead 11 - Erie 4 |
BOTTOM OF THE 8TH |
Erie Jaxx batting - Pitching for Plumstead Eagles : LHP Pedro Rosado
|
Now at 1B: Wilson Durán
|
|
Batting: RHB Ángel Serrano
|
0-0: Ball 1-0: Fly out, F7 (Line Drive, 7)
|
Batting: RHB Andrés Silva
|
0-0: Ball 1-0: Foul Ball, location: 2F 1-1: SOLO HOME RUN (Line Drive, 78XD), Distance : 408 ft
|
Pitching: LHP Pat Bruce
|
|
Batting: LHB Jim Knight
|
0-0: SOLO HOME RUN (Flyball, 7LD), Distance : 338 ft
|
Batting: RHB Edgardo Castro
|
0-0: Called Strike 0-1: Ground out 6-3 (Groundball, 6)
|
Batting: RHB Cássio Cardenas
|
0-0: Reached on error, E4 (Groundball, 4M)
|
Pitching: RHP Manny Ramos
|
|
Batting: RHB Guaspar Vasche
|
0-0: Called Strike 0-1: Called Strike 0-2: Strikes out swinging
|
Bottom of the 8th over - 2 run(s), 2 hit(s), 1 error(s), 1 left on base; Plumstead 11 - Erie 6 |
TOP OF THE 9TH |
Plumstead Eagles batting - Pitching for Erie Jaxx : RHP Jorge Ríos
|
Batting: RHB Carlos Palomón
|
0-0: Fly out, F6 (Popup, 6D)
|
Batting: SHB Arturo Sánchez
|
0-0: Ball 1-0: Ball 2-0: Called Strike 2-1: Ground out 6-3 (Groundball, 6D)
|
Pitching: RHP Jorge Barrón
|
|
Batting: LHB António Salazar
|
0-0: SINGLE (Groundball, 23) (infield hit)
|
Batting: RHB Howard Johnson
|
0-0: Ball 1-0: Ball 2-0: Ground out 4-3 (Groundball, 34)
|
Top of the 9th over - 0 run(s), 1 hit(s), 0 error(s), 1 left on base; Plumstead 11 - Erie 6 |
BOTTOM OF THE 9TH |
Erie Jaxx batting - Pitching for Plumstead Eagles : RHP Manny Ramos
|
Batting: SHB Giel Molendijk
|
0-0: Swinging Strike 0-1: Foul Ball, location: 2F 0-2: Ball 1-2: Strikes out swinging
|
Batting: SHB José Durango
|
0-0: Ground out 4-3 (Groundball, 4)
|
Pitching: LHP Holden Clark
|
|
Batting: SHB Michael Field
|
0-0: Called Strike 0-1: Foul Ball, location: 2F 0-2: Ball 1-2: Fly out, F7 (Flyball, 7LMF)
|
Bottom of the 9th over - 0 run(s), 0 hit(s), 0 error(s), 0 left on base; Plumstead 11 - Erie 6 |
|